 Dungeon Crawl Stone Soup version 0.26.1-11-gd32895ea62 (webtiles) character file.

Game seed: 15339362098352445300

2797 Almogavar the Carver (level 9, -1/68 HPs)
             Began as a Demonspawn Gladiator on Apr 16, 2021.
             Was a Believer of Okawaru.
             Slain by a sky beast (6 damage)
             ... on level 7 of the Dungeon.
             The game lasted 00:21:31 (10295 turns).

Almogavar the Carver (Demonspawn Gladiator)        Turns: 10295, Time: 00:21:32

Health: -1/68      AC: 13    Str: 19    XL:     9   Next: 43%
Magic:  9/9        EV:  9    Int:  9    God:    Okawaru [**....]
Gold:   346        SH:  0    Dex: 14    Spells: 8/8 levels left

rFire    + . .     SeeInvis .   a - +0 long sword
rCold    + . .     Faith    .   (no shield)
rNeg     . . .     Spirit   .   t - +0 chain mail
rPois    .         Reflect  .   E - +2 hat
rElec    .         Harm     .   (no cloak)
rCorr    .         Rampage  .   B - +0 pair of gloves
Will     .....                  (no boots)
Stlth    ..........             I - amulet of magic regeneration
HPRegen  0.21/turn              c - ring of flight
MPRegen  0.36/turn              o - ring of protection from fire

@: no status effects
A: claws 2, cold resistance 1, demonic guardian 1
a: Renounce Religion, Evoke Flight, Heroism


You were on level 7 of the Dungeon.
You worshipped Okawaru.
Okawaru was pleased with you.
You visited 2 branches of the dungeon, and saw 8 of its levels.
You also visited: Sewer.

You collected 346 gold pieces.

Inventory:

Hand Weapons
 a - a +0 long sword (weapon)
Missiles
 n - 3 boomerangs of dispersal
 r - a throwing net
 u - 10 boomerangs (quivered)
Armour
 t - a +0 chain mail (worn)
 B - a +0 pair of gloves (worn)
 E - a +2 hat (worn)
 G - a +0 plate armour
Jewellery
 c - a ring of flight (left hand)
 l - an uncursed ring of ice
 o - a ring of protection from fire (right hand)
 I - an amulet of magic regeneration (around neck)
Wands
 d - a wand of random effects (16)
 i - a wand of flame (12)
 F - a wand of polymorph (6)
Scrolls
 e - 2 scrolls of fog
 g - 2 scrolls of amnesia
 h - 3 scrolls of blinking
 j - 2 scrolls of enchant weapon {unknown}
 k - a scroll of noise {unknown}
 s - 2 scrolls of remove curse
 w - 3 scrolls of fear {unknown}
 x - 4 scrolls of magic mapping
 y - a scroll of teleportation {unknown}
 A - a scroll of enchant armour {unknown}
 H - 2 scrolls of summoning {unknown}
Potions
 b - 2 potions of might {unknown}
 f - 2 potions of magic
 m - 2 potions of ambrosia
 p - 4 potions of curing
 q - 2 potions of attraction {unknown}
 v - 2 potions of resistance {unknown}
 z - a potion of degeneration {unknown}
 C - a potion of brilliance {unknown}
 D - a potion of flight {unknown}
 J - a potion of haste {unknown}


   Skills:
 + Level 5.4 Fighting
 + Level 8.7 Long Blades
 - Level 1.7 Throwing
 + Level 5.9 Armour
 + Level 4.3 Dodging
 + Level 1.9 Stealth
 + Level 0.2 Evocations


You had 8 spell levels left.
You didn't know any spells.
Your spell library contained the following spells:

 Spells                   Type           Power        Failure   Level
 Animate Skeleton         Necr           0%           99%         1
 Apportation              Tloc           0%           99%         1
 Corona                   Hex            0%           99%         1
 Magic Dart               Conj           0%           99%         1
 Summon Small Mammal      Summ           0%           99%         1
 Blink                    Tloc           N/A          99%         2
 Call Imp                 Summ           0%           99%         2
 Slow                     Hex            0%           99%         2
 Call Canine Familiar     Summ           0%           100%        3
 Conjure Flame            Conj/Fire      0%           100%        3
 Mephitic Cloud           Conj/Pois/Air  0%           100%        3
 Summon Guardian Golem    Hex/Summ       0%           100%        3
 Summon Ice Beast         Ice/Summ       0%           100%        4
 Summon Lightning Spire   Summ/Air       0%           100%        4


Dungeon Overview and Level Annotations

Branches:
Dungeon (7/15)             Temple (1/1) D:6           Sewer (visited)

Altars:
Ashenzari
Cheibriados
Elyvilon
Fedhas
Gozag
Hepliaklqana
Kikubaaqudgha
Makhleb
Nemelex Xobeh
Okawaru
Ru
Sif Muna
Trog
Uskayaw
Vehumet
Wu Jian
Xom
The Shining One


Innate Abilities, Weirdness & Mutations

You have very sharp fingernails.
Your flesh is cold resistant. (rC+)
A weak demonic guardian rushes to your aid.


Message History

Something hits you but does no damage.
You barely miss the sky beast. Something hits you.
* * * LOW HITPOINT WARNING * * *
Your quasit bites the sky beast but does no damage.
Your quasit barely misses the sky beast.
Your quasit claws the sky beast.
The sky beast flickers out of sight!
Something hits you but does no damage. x2
You hit something. Something hits you.
* * * LOW HITPOINT WARNING * * *
Something hits you but does no damage.
You barely miss something.
Your quasit disappears in a puff of smoke!
Something hits you!
* * * LOW HITPOINT WARNING * * *
Something hits you but does no damage.
You barely miss something.
Something hits you but does no damage. x2
Something hits you.
* * * LOW HITPOINT WARNING * * *
Something shocks you.
You die...

#.# #.....#.....# #.#
#.....#.....#
#.#####.....######
#.#..##.....#
#.#..##.....#
#.#.........#
#.'......§.#.....
#.#..##.§.{#.....
#######.##'##...@#).Y..
............#....#.....
............'..........
............#####.#####
..................#
..................#
..................#
...##'##..........#
...#...#####......#


There were no monsters in sight!

Vanquished Creatures
  Pikel (D:7)
  3 ice beasts
  An orc warrior (D:7)
  2 sky beasts
  A phantom (D:6)
  3 ogres
  A lemure (D:6)
  2 big kobolds (Sewer)
  2 bullfrogs (D:7)
  4 killer bees (D:7)
  A jelly (D:7)
  3 orc priests
  A bullfrog skeleton (D:6)
  4 hounds
  Jessica (D:2)
  Ijyb (D:3)
  2 iguanas
  4 worker ants (D:4)
  An orc wizard (D:3)
  2 hound skeletons
  A worker ant zombie (D:3)
  20 adders
  2 white imps
  An ufetubus (D:7)
  5 oozes
  An adder zombie (D:6)
  4 worms
  A dart slug (D:1)
  8 leopard geckos
  10 orcs
  4 bats
  9 giant cockroaches
  11 goblins
  10 hobgoblins
  3 jackals
  2 quokkas
  6 ball pythons
  3 frilled lizards
  16 kobolds
  2 quokka skeletons
  A quokka zombie (D:7)
  11 rats
171 creatures vanquished.

Vanquished Creatures (collateral kills)
  2 ogres
  A bullfrog (D:7)
  A killer bee (D:7)
  A quasit (D:7)
  An orc wizard (D:5)
  A howler monkey skeleton (D:6)
  An ufetubus (D:5)
8 creatures vanquished.

Grand Total: 179 creatures vanquished

Notes
Turn   | Place    | Note
-------+----------+-------------------------------------------
     0 | D:1      | Almogavar the Demonspawn Gladiator began the quest for the
                  | Orb.
     0 | D:1      | Reached XP level 1. HP: 16/16 MP: 1/1
   402 | D:1      | Gained mutation: You have sharp fingernails. [demonic
                  | ancestry]
   402 | D:1      | Reached XP level 2. HP: 22/22 MP: 2/2
   547 | D:1      | Reached skill level 3 in Long Blades
   988 | D:1      | Reached XP level 3. HP: 22/27 MP: 3/3
  1624 | D:2      | Noticed Jessica
  1639 | D:2      | Killed Jessica
  1640 | D:2      | Reached skill level 1 in Armour
  1640 | D:2      | Gained mutation: You have very sharp fingernails. [demonic
                  | ancestry]
  1640 | D:2      | Reached XP level 4. HP: 31/33 MP: 4/4
  2298 | D:3      | Reached skill level 4 in Long Blades
  2671 | D:3      | Reached XP level 5. HP: 34/39 MP: 5/5
  3191 | D:3      | Found a faded altar of an unknown god.
  3248 | D:3      | Noticed Ijyb
  3278 | D:3      | Killed Ijyb
  4149 | D:3      | Reached skill level 1 in Stealth
  4346 | D:4      | Found a glowing drain.
  4356 | D:4      | Reached XP level 6. HP: 43/46 MP: 6/6
  4371 | Sewer    | Entered a sewer
  4710 | Sewer    | Reached skill level 5 in Long Blades
  5073 | D:4      | Gained mutation: A weak demonic guardian rushes to your
                  | aid. [demonic ancestry]
  5073 | D:4      | Reached XP level 7. HP: 3/52 MP: 7/7
  5624 | D:4      | Found a shimmering altar of Xom.
  5660 | D:4      | Found an ornate altar of the Wu Jian Council.
  5660 | D:4      | Found an opulent altar of Gozag.
  5793 | D:4      | Found a sparkling altar of Nemelex Xobeh.
  5991 | D:4      | Reached skill level 6 in Long Blades
  6288 | D:5      | Entered Level 5 of the Dungeon
  6461 | D:5      | Found a sacrificial altar of Ru.
  6654 | D:5      | Found a white marble altar of Elyvilon.
  7115 | D:5      | Gained mutation: Your flesh is cold resistant. (rC+)
                  | [demonic ancestry]
  7115 | D:5      | Reached XP level 8. HP: 49/60 MP: 8/8
  7292 | D:5      | Found a shimmering blue altar of Sif Muna.
  7780 | D:6      | Found a glowing golden altar of the Shining One.
  7782 | D:6      | Found a staircase to the Ecumenical Temple.
  7786 | Temple   | Entered the Ecumenical Temple
  7795 | Temple   | Became a worshipper of Warmaster Okawaru
  7877 | D:6      | Reached skill level 7 in Long Blades
  8965 | D:7      | Noticed Pikel
  8976 | D:7      | Reached skill level 5 in Armour
  9157 | D:7      | Reached * piety under Okawaru
  9496 | D:7      | Reached XP level 9. HP: 56/67 MP: 9/9
  9558 | D:7      | Reached skill level 8 in Long Blades
  9620 | D:7      | Killed Pikel
  9620 | D:7      | Reached ** piety under Okawaru
  9621 | D:7      | Reached skill level 5 in Fighting
 10295 | D:7      | Slain by a sky beast

Illustrated notes

Levels and vault maps discovered:
D:1:      onia_arrival_mini_spirals, layout_rooms
D:2:      layout_basic, uniq_jessica
D:3:      layout_basic, chequers_ecumenical_altar_twisty, kennysheep_crisscross,
          uniq_ijyb
D:4:      minmay_wonky_spiral, layout_cave_pools,
          nicolae_overflow_hidden_temple, old_standard_altar,
          gup_sewer_entry_pipe
D:5:      layout_cave_pools, nicolae_ru_sacrificial_ziggurat, tgw_sif,
          basic_altar, serial_column_ruins, column_ruins_hut_ruined,
          column_ruins_grid_1, column_ruins_grid_1, column_ruins_grid_1
D:6:      layout_loops_ring, temple_hall, lemuel_tele_altar
D:7:      layout_gridville, abandoned_shop, minmay_quadrilaterals,
          uniq_crazy_yiuf_cottage, uniq_pikel
Temple:   nicolae_temple_no_exploring_needed

Skill      XL: |  1  2  3  4  5  6  7  8  9 |
---------------+----------------------------+-----
Dodging        | 3 4 |  4.3
Long Blades    | 3 4 5 6 7 8 |  8.7
Armour         | 1 2 3 5 |  5.9
Stealth        | 1 |  1.9
Fighting       | 3 4 5 |  5.4
Throwing       | |  1.7
Evocations     | |  0.2

Action                   |  1- 3 |  4- 6 |  7- 9 || total
-------------------------+-------+-------+-------++-------
Melee: Long sword        |    99 |   278 |   391 ||   768
Throw: Throwing net      |     3 |       |       ||     3
       Boomerang         |       |       |     8 ||     8
Evoke: Wand              |       |     3 |       ||     3
  Use: Scroll            |     1 |     5 |     3 ||     9
       Potion            |       |     1 |       ||     1
 Stab: Sleeping          |       |     2 |       ||     2
       Distracted        |       |       |     2 ||     2
Armor: Leather armour    |    28 |    25 |       ||    53
       Scale mail        |       |    58 |    51 ||   109
       Skin              |       |    15 |       ||    15
       Chain mail        |       |       |   200 ||   200
Dodge: Dodged            |    87 |   216 |   196 ||   499
       Rpst.: Long sword |    22 |    78 |    51 ||   151
